 Dungeon Crawl Stone Soup version 0.24-a0-244-ga6a6ab7 (webtiles) character file.

Game seed: 6928819919431190498

399 Ijustatesigmund the Chopper (level 6, -2/45 HPs)
             Began as an Octopode Fighter on Apr 11, 2019.
             Slain by an orc priest
             ... wielding a +0 mace
              (4 damage)
             ... on level 4 of the Dungeon.
             The game lasted 00:05:42 (2574 turns).

Ijustatesigmund the Chopper (Octopode Fighter)      Turns: 2574, Time: 00:05:43

Health: -2/45      AC:  1    Str: 13 (15) XL:     6   Next: 84%
Magic:  6/6        EV: 11    Int: 10 (13) God:
Gold:   133        SH:  8    Dex:  9 (11) Spells: 5/5 levels left

rFire    . . .     SeeInvis .   a - +0 war axe
rCold    . . .     Gourm    .   b - +0 shield
rNeg     + . .     Faith    .   (helmet restricted)
rPois    .         Spirit   .   (no amulet)
rElec    .         Reflect  .   i - +2 ring of intelligence
rCorr    .         Harm     .   j - ring of positive energy
MR       .....                  (no ring)
Stlth    ++........             (no ring)
HPRegen  0.15/turn              (no ring)
MPRegen  0.10/turn              (no ring)
                                (no ring)
                                (no ring)

@: flying, hasted, very quick
A: almost no armour, stealthy swim, amphibious, 8 rings, constrict 8, tentacle
spike 1, camouflage 1, clumsy 1, gelatinous body 1
a: no special abilities


You were on level 4 of the Dungeon.
You were not hungry.

You visited 1 branch of the dungeon, and saw 4 of its levels.

You collected 133 gold pieces.

Inventory:

Hand Weapons
 a - a +0 war axe (weapon)
Armour
 b - a +0 shield (worn)
Jewellery
 i - a +2 ring of intelligence (left tentacle)
 j - a ring of positive energy (right tentacle)
Scrolls
 e - 3 scrolls of remove curse
Potions
 l - a potion of magic
Comestibles
 c - 2 chunks of flesh
 d - 5 rations


   Skills:
 + Level 4.8 Fighting
 * Level 5.9 Axes
 - Level 3.0 Dodging
 - Level 3.0 Shields


You had 5 spell levels left.
You didn't know any spells.
Your spell library was empty.

Dungeon Overview and Level Annotations

Branches:
Dungeon (4/15)
 Temple: D:4-7

Altars:
Dithmenos
Hepliaklqana
Nemelex Xobeh
Vehumet
Zin
The Shining One


Innate Abilities, Weirdness & Mutations

You cannot wear most types of armour.
You are very stealthy in the water. (Stealth+)
You are amphibious.
You can wear up to eight rings at the same time.
You can use your tentacles to constrict eight enemies at once.
Your skin changes colour to match your surroundings (Stealth+).
Your rubbery body absorbs attacks. (AC +1, EV +1)
One of your tentacles bears a spike.
You are clumsy. (Dex -2)


Message History

You feel very buoyant.
You fly up into the air.
It was a potion of mutation.
You feel extremely strange.
You feel clumsy.
One of your lower tentacles grows a sharp spike.
You block the orc priest's attack.
It was a potion of degeneration.
There was something very wrong with that liquid.
You feel weakened.
You feel dopey.
You feel clumsy.
You barely miss the orc priest. You grab the orc priest.
You pierce the orc priest, but do no damage.
You barely miss the hound. You hit the orc priest.
You constrict the orc priest, but do no damage.
The orc priest mumbles some strange prayers to Beogh against you.
Beogh smites you!
* * * LOW HITPOINT WARNING * * *
The orc priest misses you. You block the hound's attack.
You release your grip on the orc priest.
The orc priest hits you with a +0 mace.
You die...

#.###>.....# #####
##.#.#####.########...#####
##.## #................. #.#
#.####...........# #.# #.#
#..###.#.##.. .## #.# #.# #..#
#.#.##.. ....####.######.#
#..# #.#.#... ##.............#
#..###.#.....
..............o@#
#............
o#.####.#.#####h#
#.........#.. ......))...o.o#
#.........#..
.##.#>#[)..oo......#.........#
#.#..#.##..#####.......()..#
.#...........# ..........#
##.#..#.#.###$# .........†#
#..).....# ... ........÷.
#.#=.....# ### #######.##


You could see a hound, 3 orc priests and an orc.

Vanquished Creatures
  Eustachio (D:4)
  An ogre (D:4)
  A worker ant (D:4)
  6 adders
  An ooze (D:1)
  A worm (D:2)
  2 dart slugs
  2 leopard geckos (D:2)
  7 orcs
  A ball python (D:3)
  4 giant cockroaches (D:1)
  6 goblins
  7 hobgoblins
  16 jackals
  3 kobolds
  5 bats
  4 frilled lizards
  16 rats
84 creatures vanquished.

Notes
Turn   | Place    | Note
-------+----------+-------------------------------------------
     0 | D:1      | Ijustatesigmund the Octopode Fighter began the quest for
                  | the Orb.
     0 | D:1      | Reached XP level 1. HP: 16/16 MP: 1/1
    65 | D:1      | Reached XP level 2. HP: 19/21 MP: 2/2
   257 | D:1      | You fall through a shaft!
   262 | D:2      | Reached skill level 3 in Axes
   263 | D:2      | Reached XP level 3. HP: 22/26 MP: 3/3
   948 | D:2      | Reached XP level 4. HP: 23/33 MP: 4/4
  1183 | D:2      | Found a sparkling altar of Nemelex Xobeh.
  1297 | D:2      | Found a glowing golden altar of the Shining One.
  1297 | D:2      | Found a shadowy altar of Dithmenos.
  1298 | D:2      | Found a glowing silver altar of Zin.
  1305 | D:2      | Found a hazy altar of Hepliaklqana.
  1306 | D:2      | Found a radiant altar of Vehumet.
  1514 | D:3      | Reached skill level 4 in Axes
  1842 | D:3      | Reached XP level 5. HP: 37/37 MP: 5/5
  1929 | D:3      | You fall through a shaft!
  2252 | D:4      | Noticed Eustachio
  2264 | D:4      | Killed Eustachio
  2264 | D:4      | Reached skill level 5 in Axes
  2264 | D:4      | Reached XP level 6. HP: 40/44 MP: 6/6
  2571 | D:4      | Gained mutation: You are clumsy. (Dex -2) [potion of
                  | mutation]
  2571 | D:4      | Gained mutation: One of your tentacles bears a spike.
                  | [potion of mutation]
  2573 | D:4      | HP: 2/45 [orc priest/divine providence (12)]
  2574 | D:4      | Slain by an orc priest

Levels and vault maps discovered:
D:1:      onia_arrival_larder, layout_rooms
D:2:      layout_loops_ring, grunt_temple_overflow_open,
          nicolae_overflow_crystal_walls, first_ration, minmay_curled_crystal,
          minivault_24, minmay_misc_feat_square
D:3:      layout_loops_ring, nrook_loot_triangle
D:4:      kennysheep_kobold_camp, layout_loops_ring, minmay_temple_entry_trees,
          uniq_eustachio, uniq_crazy_yiuf_cottage

Skill      XL: |  1  2  3  4  5 |
---------------+----------------+-----
Axes           | 3 4 5 |  5.9
Fighting       | 4 |  4.8
Dodging        | |  3.0
Shields        | |  3.0

Action                   |  1- 3 |  4- 6 || total
-------------------------+-------+-------++-------
Melee: War axe           |    55 |    76 ||   131
       Constrict         |    15 |    19 ||    34
       Tentacles         |    13 |    13 ||    26
       Kick              |       |     1 ||     1
  Use: Scroll            |     6 |     4 ||    10
       Potion            |       |    11 ||    11
 Stab: Sleeping          |     7 |     2 ||     9
       Distracted        |       |     1 ||     1
       Invisible         |       |     3 ||     3
  Eat: Chunk             |       |     5 ||     5
Armor: Skin              |     4 |     5 ||     9
Dodge: Dodged            |    24 |    28 ||    52
Block: Shield            |    18 |    35 ||    53

Table legend:
 A = Non-vault XP
 B = Vault XP
 C = Vault XP percentage of total XP
 D = Non-vault monster count
 E = Vault monster count
 F = Vault count percentage of total count
                 A         B        C        D         E       F
            +---------+---------+-------+---------+---------+-------
      Total |     365 |     206 |  36.1 |      76 |       8 |   9.5
            +---------+---------+-------+---------+---------+-------
        D:1 |      54 |       9 |  14.3 |      28 |       7 |  20.0
        D:2 |      62 |       0 |   0.0 |      20 |       0 |   0.0
        D:3 |      53 |       0 |   0.0 |      17 |       0 |   0.0
        D:4 |     196 |     197 |  50.1 |      11 |       1 |   8.3
            +---------+---------+-------+---------+---------+-------
